Map: Catalyst LE

Players

LaGGzOr - Winner!

  • Race: Zerg Zerg
  • League: Diamond
  • Spawn Location: 11:00

CealeR

  • Race: Terran Terran
  • League: Master
  • Spawn Location: 5:00

VOD

Have the link to the VOD?

Description

Time

  • Played on: March 22, 2018, 10:10 p.m.
  • Length: 15:45
Show
View Real Time Build Order
Export as new Build Order

LaGGzOr Zerg - Winner!

Build Orders: Hatch First 

Get SALT Encoding   

  12  0:00  Drone  
  13  0:08  Drone  
  14  0:17  Overlord  
  14  0:23  Extractor, Drone  
  15  0:35  Drone  
  15  0:36  Drone  
  17  0:53  Hatchery  
  17  0:55  Drone  
  17  1:00  Drone  
  18  1:10  Extractor  
  17  1:14  Spawning Pool  
  17  1:17  Drone  
  17  1:20  Drone  
  18  1:28  Drone  
  19  1:46  Overlord  
  19  1:51  Drone  
  20  2:01  Queen  
  20  2:04  Zergling x2  
  20  2:05  Zergling x2  
  20  2:06  Queen  
  26  2:10  Metabolic Boost  
  26  2:14  Drone  
  27  2:19  Drone  
  28  2:24  Drone  
  28  2:37  Drone  
  28  2:43  Hatchery  
  28  2:49  Drone x4  
  32  3:03  Drone x3  
  35  3:12  Overlord  
  35  3:17  Overlord  
  35  3:21  Overlord  
  35  3:34  Queen x2  
  39  3:42  Drone x4  
  39  3:44  Drone x2  
  45  3:52  Baneling Nest  
  44  3:57  Queen  
  44  3:59  Drone x2  
  44  4:01  Drone  
  49  4:03  Drone x3  
  52  4:12  Queen x2  
  56  4:18  Drone x2  
  56  4:20  Overlord x2  
  56  4:21  Overlord  
  58  4:38  Queen  
  58  4:42  Drone x2  
  58  4:43  Zergling x2  
  58  4:44  Zergling x14  
  70  4:49  Lair  
  70  4:53  Drone  
  70  4:54  Evolution Chamber, Drone  
  70  4:55  Zergling x2  
  70  4:56  Evolution Chamber  
  71  5:07  Zergling x14  
  71  5:08  Zergling x2  
  79  5:19  Overlord  
  79  5:20  Overlord x2  
  79  5:22  Zerg Melee Weapons Level 1  
  79  5:25  Extractor  
  79  5:26  Extractor  
  77  5:37  Zergling x10  
  77  5:38  Zergling x6  
  77  5:41  Baneling x4  
  85  5:54  Zergling x2  
  85  5:55  Zergling x16  
  88  6:07  Drone  
  88  6:08  Extractor, Drone x2  
  89  6:29  Hatchery  
  89  6:30  Drone x3  
  89  6:31  Drone x3  
  94  6:41  Hatchery  
  92  6:49  Drone  
  92  6:50  Drone x12  
  92  6:52  Extractor  
  92  6:53  Extractor  
  102  6:54  Infestation Pit  
  102  6:59  Zerg Ground Armor Level 1  
  101  7:02  Centrifical Hooks  
  101  7:09  Baneling x3  
  101  7:11  Zergling x10  
  106  7:18  Overlord x5  
  103  7:44  Baneling x12  
  103  7:47  Zergling x22  
  114  7:52  Hive  
  114  7:57  Drone x2  
  114  7:58  Drone x2  
  118  8:09  Queen  
  118  8:12  Drone x4  
  124  8:13  Drone x3  
  124  8:15  Zerg Melee Weapons Level 2  
  124  8:17  Zergling x16  
  135  8:20  Baneling x2  
  135  8:21  Baneling x10  
  132  8:44  Drone x2  
  132  8:45  Drone x5  
  132  8:47  Extractor  
  138  8:48  Extractor  
  138  8:53  Baneling  
  138  8:54  Baneling x6  
  137  8:57  Spire  
  135  9:20  Ultralisk Cavern, Drone x4  
  135  9:21  Drone x2  
  135  9:22  Zergling x24  
  135  9:23  Zergling x2  
  153  9:24  Overlord x4  
  153  9:49  Zerg Ground Armor Level 2  
  153  9:57  Queen  
  153  9:58  Overlord x3  
  155  10:00  Overseer x2  
  155  10:01  Overseer  
  155  10:09  Hatchery  
  154  10:14  Ultralisk x3  
  154  10:15  Chitinous Plating, Ultralisk  
  154  10:17  Corruptor x3  
  184  10:24  Corruptor  
  186  10:35  Corruptor x2  
  187  10:50  Corruptor x4  
  195  11:11  Baneling x3  
  195  11:12  Baneling x7  
  195  11:13  Viper  
  170  11:54  Zerg Melee Weapons Level 3  
  170  11:56  Viper x2  
  166  12:22  Zergling x16  
  148  12:23  Zergling x26  
  148  12:27  Baneling x8  
  148  12:28  Zergling x6  
  148  12:29  Zergling x24  
  159  12:44  Zergling x14  
  152  12:45  Adrenal Glands  
  152  12:47  Queen x2  
  153  12:56  Baneling x15  
  153  12:57  Baneling x4  
  147  13:00  Ultralisk x3  
  147  13:03  Drone x2  
  147  13:04  Drone x3  
  147  13:05  Drone  
  171  13:08  Queen  
  169  13:33  Ultralisk  
  175  13:34  Zergling x6  
  175  13:35  Zergling x20  
  175  13:38  Corruptor x2  
  192  13:43  Baneling x7  
  192  13:57  Baneling x3  
  192  13:58  Baneling x10  
  192  14:08  Baneling  
  192  14:09  Baneling x8  
  192  14:10  Baneling  
  192  14:11  Baneling  
  192  14:12  Zergling x16  
  175  14:34  Zergling x14  
  175  14:35  Zergling x16  
  157  14:56  Zergling x20  
  157  14:57  Ultralisk x5  
  193  15:11  Zergling x2  
  193  15:12  Zergling x20  
Show
View Real Time Build Order
Export as new Build Order

CealeR Terran 

Build Orders: Reaper Expand, MMM Bio 

Get SALT Encoding   

  12  0:01  SCV  
  13  0:13  SCV  
  14  0:18  Supply Depot  
  14  0:25  SCV  
  15  0:40  SCV  
  15  0:41  Barracks  
  16  0:45  Refinery  
  16  0:52  SCV  
  17  1:04  SCV  
  18  1:16  SCV  
  19  1:30  Orbital Command, Reaper  
  20  1:47  Command Center  
  20  1:56  SCV  
  21  2:06  Barracks Reactor  
  21  2:07  Barracks  
  21  2:10  SCV  
  22  2:19  Supply Depot  
  22  2:22  SCV  
  23  2:26  Factory  
  23  2:41  SCV  
  23  2:43  Marine x2  
  26  2:45  Refinery  
  25  2:53  SCV  
  25  2:56  Barracks Tech Lab  
  26  3:00  Orbital Command  
  26  3:01  Marine x2  
  29  3:05  SCV  
  29  3:12  Starport  
  29  3:16  Marine  
  29  3:18  Marine x2  
  29  3:19  Factory Tech Lab  
  32  3:26  SCV x2  
  34  3:32  Supply Depot  
  34  3:35  Stimpack  
  34  3:38  SCV  
  34  3:40  SCV  
  36  3:42  Marine x2  
  36  3:43  Marine  
  39  3:52  Medivac  
  41  3:56  SCV  
  41  3:57  SCV  
  41  4:00  Supply Depot  
  41  4:01  Marine x2  
  41  4:02  Marine  
  46  4:14  Siege Tank  
  49  4:17  Refinery  
  49  4:18  SCV  
  49  4:20  Marine x3  
  49  4:22  Supply Depot  
  53  4:24  Starport Reactor  
  53  4:28  SCV  
  54  4:32  SCV  
  54  4:37  Supply Depot  
  54  4:38  Marine x2  
  56  4:40  SCV  
  58  4:47  Siege Tank  
  58  4:48  Engineering Bay  
  58  4:51  Marine  
  62  4:55  Engineering Bay  
  62  4:56  Marine  
  62  4:59  Engineering Bay  
  63  5:02  SCV  
  63  5:03  SCV  
  63  5:05  Refinery  
  65  5:08  Supply Depot  
  65  5:09  Medivac  
  67  5:14  Marine  
  67  5:15  SCV x2  
  67  5:16  Marine  
  67  5:20  Terran Infantry Weapons Level 1  
  71  5:27  SCV  
  72  5:36  SCV  
  72  5:40  SCV, Marine x3  
  70  5:52  Siege Tank  
  73  5:58  Marine x2  
  73  5:59  SCV  
  73  6:03  Barracks  
  73  6:04  Marine, Barracks  
  62  6:05  Barracks  
  63  6:11  Terran Infantry Armor Level 1  
  63  6:12  SCV  
  63  6:15  Combat Shields, Marine  
  65  6:24  Medivac  
  67  6:26  Marine  
  67  6:27  Marine  
  67  6:28  Command Center  
  69  6:33  SCV  
  69  6:39  Widow Mine  
  72  6:40  SCV, Marine  
  72  6:44  Marine  
  72  6:45  SCV, Marine  
  77  6:49  Armory  
  77  6:52  SCV  
  77  6:54  Barracks Reactor x3  
  70  6:57  Barracks Tech Lab  
  70  7:01  SCV  
  71  7:02  Marine x2  
  71  7:03  Marine  
  71  7:04  SCV  
  71  7:08  Widow Mine  
  77  7:09  Factory  
  77  7:13  SCV  
  78  7:17  SCV  
  79  7:25  SCV, Marine x3  
  79  7:26  Marauder  
  79  7:29  SCV  
  85  7:31  Marine  
  86  7:39  Marine x3  
  86  7:40  Siege Tank, Medivac  
  86  7:42  Marine  
  86  7:43  Marauder  
  97  7:53  Refinery  
  97  7:55  Refinery  
  97  7:56  Marine  
  97  7:57  Factory Reactor, Marine x2  
  100  7:59  SCV  
  100  8:01  Terran Infantry Weapons Level 2  
  100  8:02  Concussive Shells  
  101  8:08  Terran Infantry Armor Level 2  
  101  8:16  Supply Depot  
  101  8:29  Supply Depot  
  101  8:38  SCV, Marine x3, Medivac x2  
  109  8:44  Orbital Command  
  109  8:50  Marine x2  
  109  8:51  SCV x2, Supply Depot, Widow Mine x2  
  109  8:54  Supply Depot  
  117  9:00  Supply Depot  
  117  9:01  Supply Depot  
  117  9:12  Marine x4  
  117  9:13  SCV x2, Marauder  
  125  9:18  Marine x3  
  125  9:19  Widow Mine x2  
  125  9:22  Medivac x2, Widow Mine  
  125  9:23  SCV  
  139  9:25  SCV  
  139  9:31  Marauder  
  142  9:34  Marauder  
  142  9:36  Marine x2  
  142  9:37  Marine x2  
  148  9:39  SCV  
  148  9:41  Supply Depot  
  148  9:44  Supply Depot  
  149  9:47  Supply Depot  
  149  10:03  Marine x2, Medivac x2, Marauder  
  149  10:05  Marine  
  149  10:06  Marauder, Widow Mine x2  
  164  10:10  Ghost Academy  
  164  10:15  Terran Vehicle Weapons Level 1  
  164  10:21  Widow Mine, Starport  
  164  10:24  Starport  
  164  10:25  Marauder  
  164  10:27  Marauder, Terran Infantry Weapons Level 3, Widow Mine  
  172  10:28  Terran Infantry Armor Level 3  
  171  11:01  Supply Depot  
  171  11:03  Marine x2  
  173  11:13  Barracks  
  173  11:14  Barracks x2, Starport Tech Lab x2  
  173  11:15  Barracks  
  173  11:16  Supply Depot  
  173  11:18  Command Center  
  173  11:19  Supply Depot  
  173  11:23  Marauder  
  174  11:53  Marine  
  168  11:57  Marine x2  
  168  11:58  Marauder  
  124  12:26  Marine x2  
  124  12:27  Marauder  
  124  12:29  Marine  
  118  12:30  Marauder  
  111  12:39  Liberator  
  111  12:40  Liberator  
  95  12:47  Marine x3  
  95  12:48  Marauder  
  89  12:52  Marauder  
  89  12:55  Marine x2  
  89  12:57  Raven x2  
  89  12:58  Barracks Tech Lab x4  
  102  13:05  Refinery  
  102  13:09  Marauder  
  102  13:10  Command Center  
  102  13:13  Marauder  
  102  13:15  Marine x5  
  102  13:16  Planetary Fortress  
  102  13:17  Missile Turret  
  102  13:18  Missile Turret  
  102  13:19  Widow Mine x3  
  115  13:26  SCV  
  116  13:31  Marauder  
  116  13:32  Refinery  
  116  13:33  Refinery  
  118  13:34  Missile Turret, Marauder  
  118  13:35  Missile Turret  
  118  13:39  Sensor Tower  
  118  13:40  Ghost x2, Raven x2  
  118  13:41  Ghost  
  128  13:43  SCV x2  
  132  13:51  Terran Ship Weapons Level 1  
  132  13:55  Ghost x3  
  132  14:00  Personal Cloaking  
  138  14:05  Viking  
  140  14:13  Supply Depot  
  140  14:14  Marine x3  
  140  14:15  Marauder x2  
  147  14:22  Marine  
  147  14:23  Marine, Marauder  
  95  14:41  Marine x4, Marauder x2  
  95  14:42  Marauder  
  90  14:52  Marine x2  
  82  14:58  Marine, Marauder  
  82  14:59  Marine x2  
  67  15:03  Marauder  
  67  15:05  Marine  
  60  15:10  Marine  
  55  15:17  Marine x2  
  56  15:22  Marine  
Tags
 
Add a new tag
Caveats
  • Supply blocks, unpowered buildings, or Contaminate may cause inaccurate times.
  • Supply counts are checked every 10 seconds.